 Dungeon Crawl Stone Soup version 0.28-a0-938-gbc3f381ebc (webtiles) character file.

Game seed: 4682020766609994752

48 bande the Covered (level 3, -1/23 HPs)
             Began as a Gargoyle Fighter on Nov 29, 2021.
             Killed from afar by Sigmund (5 damage)
             ... with a magic dart
             ... on level 3 of the Dungeon.
             The game lasted 00:02:34 (1785 turns).

bande the Covered (Gargoyle Fighter)                Turns: 1785, Time: 00:02:34

Health: -1/23      AC: 12    Str: 20    XL:     3   Next: 72%
Magic:  3/3        EV:  7    Int:  8    God:
Gold:   23         SH: 10    Dex:  9    Spells: 2/2 levels left

rFire   . . .      SeeInvis .   a - +0 war axe (freeze)
rCold   . . .      Faith    .   c - +1 buckler
rNeg    + . .      Spirit   .   i - +0 chain mail
rPois   ∞          Reflect  +   (no helmet)
rElec   +          Harm     .   (no cloak)
rCorr   .          Rampage  .   (no gloves)
Will    .....                   (no boots)
Stlth   ..........              k - amulet of reflection
HPRegen 0.07/turn               (no ring)
MPRegen 0.08/turn               (no ring)

@: no status effects
A: sickness immunity, AC +3, negative energy resistance 1, electricity
resistance, torment resistance 1, petrification resistance
a: no special abilities


You were on level 3 of the Dungeon.
You visited 1 branch of the dungeon, and saw 3 of its levels.

You collected 23 gold pieces.

Inventory:

Hand Weapons
 a - a +0 war axe of freezing (weapon)
Armour
 c - a +1 buckler (worn)
 i - a +0 chain mail (worn)
Jewellery
 k - an amulet of reflection (around neck)
Potions
 d - a potion of might
 e - a potion of curing
 j - a potion of flight {unknown}
 m - a potion of attraction {unknown}
 n - a potion of berserk rage {unknown}


   Skills:
 + Level 3.6 Fighting
 + Level 2.2 Axes
 + Level 4.0 Armour
 + Level 0.2 Stealth
 + Level 3.8 Shields


You had 2 spell levels left.
You didn't know any spells.
Your spell library contained the following spells:

 Spells                   Type           Power      Damage    Failure   Level
 Fireball                 Conj/Fire      0%         3d3       100%        5
 Starburst                Conj/Fire      0%         6d3       100%        6
 Ignition                 Fire           0%         3d3       100%        8


Dungeon Overview and Level Annotations

Branches:
Dungeon (3/15)

Altars:
Nemelex Xobeh

Shops:
D:1 [

Annotations:
D:3 Sigmund


Innate Abilities, Weirdness & Mutations

You are immune to sickness and miasma.
Your stone body is resilient. (AC +3)
You are immune to poison.
You resist negative energy. (rN+)
You are resistant to electric shocks. (rElec)
You are resistant to unholy torment.
You are immune to petrification.


Message History

No target in view!
Unknown command.
Something hits you.
Things that are here:
a +0 dagger; a goblin corpse Something completely misses you.
You miss something. Something hits you.
You closely miss something. You miss something.
Something hits you but does no damage.
You closely miss something.
You hear some strange, mumbled words.
A magic dart appears from out of thin air!
The magic dart hits you. Something hits you but does no damage.
You barely miss something. You block something's attack.
You slash something! You freeze something.
Something hits you but does no damage.
You miss something. You miss something. Something hits you.
You barely miss something.
You hear some strange, mumbled words.
A magic dart appears from out of thin air!
The magic dart hits you but does no damage.
You hear some strange, mumbled words.
A puff of flame appears from out of thin air!
The puff of flame hits you.
* * * LOW HITPOINT WARNING * * *
You barely miss something.
You hear some strange, mumbled words.
A magic dart appears from out of thin air!
The magic dart hits you but does no damage.
You slash something! You freeze something.
Something hits you but does no damage.
You barely miss something.
You hear some strange, mumbled words.
Something tries to affect you, but you resist.
You closely miss something.
You hear some strange, mumbled words.
A magic dart appears from out of thin air!
The magic dart hits you.
You die...

#<# ###########!#
..........#.#
#########.#.#
..........# .
#######.#.# ...
.?.# #.#.#
.....#####.###.#.#
.....<{@)........+
......######.###.#
..... .......#
.... ###.##### .#+
#.# #.# #.# #.#


There were no monsters in sight!

Vanquished Creatures
  An adder (D:1)
  3 worms
  2 dart slugs (D:1)
  A bat (D:2)
  2 endoplasms
  3 giant cockroaches
  4 goblins
  2 hobgoblins (D:2)
  3 ball pythons
  2 frilled lizards (D:1)
  3 kobolds
26 creatures vanquished.

Notes
Turn   | Place    | Note
-------+----------+-------------------------------------------
     0 | D:1      | bande the Gargoyle Fighter began the quest for the Orb.
     0 | D:1      | Reached XP level 1. HP: 14/14 MP: 1/1
    28 | D:1      | Found Parrufum's Antique Armour Shop.
    90 | D:1      | Reached XP level 2. HP: 19/19 MP: 2/2
   497 | D:1      | Found a faded altar of an unknown god.
   731 | D:2      | Found a sparkling altar of Nemelex Xobeh.
   744 | D:1      | Reached XP level 3. HP: 19/23 MP: 3/3
  1380 | D:2      | Reached skill level 4 in Armour
  1767 | D:3      | Noticed Sigmund
  1785 | D:3      | Killed from afar by Sigmund

Illustrated notes

Levels and vault maps discovered:
D:1:      psy_arrival_terrarium, layout_loops_ring, serial_shops, shop_statue,
          dreamdust_ecumenical_altar_angels_and_demons, minmay_unequal
D:2:      layout_loops_cross, basic_altar
D:3:      layout_basic, bloody_makhleb, gammafunk_ghost_grave, serial_shops,
          nicolae_shop_trees, uniq_sigmund

Skill      XL: |  1  2  3 |
---------------+----------+-----
Axes           | 2 |  2.2
Armour         | 4 |  4.0
Fighting       | |  3.6
Stealth        | |  0.2
Shields        | |  3.8

Action                   || total
-------------------------++-------
Melee: War axe           ||    96
  Use: Scroll            ||     9
Armor: Scale mail        ||     2
       Chain mail        ||    53
Dodge: Dodged            ||    27
Block: Buckler           ||    42

Table legend: (Time is in decaauts)
 A = Elapsed time spent in this place.
 B = Non-inter-level travel time spent in this place.
 C = Inter-level travel time spent in this place.
 D = Time resting spent in this place.
 E = Time spent auto-exploring this place.
 F = Levels seen in this place.
 G = Mean time per level.
                   A        B        C        D        E       F      G
               +--------+--------+--------+--------+--------+-----+--------+
         Total |   1825 |   1825 |      0 |    152 |   1317 |   3 |  608.3 |
       Dungeon |   1825 |   1825 |      0 |    152 |   1317 |   3 |  608.3 |
               +--------+--------+--------+--------+--------+-----+--------+

Top non-repeatable levels by time:
     D:1: 911 daAuts
     D:2: 817 daAuts
     D:3: 96 daAuts
